 Dungeon Crawl Stone Soup version 0.16-a0-148-g3b84123 (console) character file.

442 MrRokkomies the Slasher (level 6, -5/58 HPs)
             Began as a Minotaur Berserker on Aug 16, 2014.
             Was a High Priest of Trog.
             Slain by Ijyb
             ... wielding a +2 dagger of electrocution
              (14 damage)
             ... on Level 4 of the Dungeon.
             The game lasted 00:11:37 (3307 turns).

MrRokkomies the Slasher (Minotaur Berserker)        Turns: 3307, Time: 00:11:37

HP  -5/58        AC  9     Str 21      XL: 6   Next: 71%
MP   3/3         EV  7     Int  6      God: Trog [*****.]
Gold 206         SH  0     Dex 10      Spells:  0 memorised,  5 levels left

rFire  . . .     SeeInvis .     a - +0 falchion
rCold  . . .     Clarity  .     h - +1 chain mail
rNeg   . . .     rCorr    .     (no shield)
rPois  .         rRot     .     (helmet restricted)
rElec  .         Spirit   .     (no cloak)
SustAb .         Warding  .     (no gloves)
rMut   .         Stasis   .     (no boots)
Gourm  .                        (no amulet)
MR     .....                    (no ring)
                                (no ring)

@: not resistant to hostile enchantments, extremely unstealthy
A: retaliatory headbutt, horns 2
a: Burn Spellbooks, Berserk, Trog's Hand, Brothers in Arms, Renounce Religion


You were on level 4 of the Dungeon.
You worshipped Trog.
Trog was extremely pleased with you.
You were hungry.

You visited 1 branch of the dungeon, and saw 4 of its levels.
You also visited: Sewer.

You collected 206 gold pieces.

Inventory:

Hand weapons
 a - a +0 falchion (weapon)
Missiles
 e - 2 javelins
 o - 8 poisoned javelins (quivered)
Armour
 h - a +1 chain mail (worn)
Comestibles
 c - 2 bread rations
 i - 3 meat rations
 t - a rotting chunk of orc flesh
Scrolls
 b - a scroll of remove curse
 d - 2 scrolls of enchant armour
 s - a scroll of recharging
Potions
 f - a potion of cancellation
 g - 3 potions of brilliance
 j - 2 potions of curing
 k - a potion of poison {unknown}
 l - 3 potions of heal wounds
 m - 3 potions of flight
 n - 2 potions of might {unknown}
 q - a potion of lignification {unknown}
 r - a potion of restore abilities {unknown}
 u - a potion of agility {unknown}


   Skills:
 * Level 6.8 Fighting
 * Level 7.1 Long Blades
 - Level 2.4 Armour
 - Level 2.1 Dodging


You had 5 spell levels left.
You didn't know any spells.

Dungeon Overview and Level Annotations

Branches:
Dungeon (4/15)
 Temple: D:4-7

Altars:
Kikubaaqudgha

Annotations:
D:4 Ijyb, Prince Ribbit


Innate Abilities, Weirdness & Mutations

You reflexively headbutt those who attack you in melee.
You have a pair of horns on your head.


Message History

You slash Ijyb!
Ijyb is moderately wounded.
Ijyb hits you but does no damage.
You barely miss Ijyb.
Ijyb is moderately wounded.
Ijyb hits you with a dagger of electrocution.
Ijyb screams, "I cut your head off!" Ijyb hits you but does no damage.
You miss Ijyb.
Ijyb is moderately wounded.
Ijyb hits you but does no damage.
You are electrocuted!
* * * LOW HITPOINT WARNING * * *
You are too injured to fight recklessly!
You are too injured to fight recklessly!
You are too injured to fight recklessly!
Ijyb hits you but does no damage. Ijyb hits you but does no damage.
Ijyb screams, "Me stronger than you!" Ijyb hits you but does no damage.
You are electrocuted!
You die...

######## #......# . #......##
... ### #.......######## ....
##.###.......#......# .....
...#.........#......###......#
................@g............
.#.#.###.###'#################
.#.#.###.#..........#
##.#.....#..........#
...#.#...#..........#
##...#.......##+###.#
.....................
##..............###.
###.############


You could see Ijyb.

Vanquished Creatures
  A big kobold (Sewer)
  2 worker ants (D:4)
  4 gnolls (D:3)
  7 green rats (Sewer)
  A giant mite (D:3)
  10 adders
  A worm (D:4)
  4 giant geckos (D:3)
  4 orcs (D:3)
  7 ball pythons
  9 bats
  9 giant cockroaches
  2 goblins
  7 hobgoblins
  3 jackals (D:1)
  A quokka (D:4)
  3 giant newts (D:3)
  21 kobolds
  38 rats
134 creatures vanquished.

Notes
Turn   | Place    | Note
--------------------------------------------------------------
     0 | D:1      | MrRokkomies, the Minotaur Berserker, began the quest for the Orb.
     0 | D:1      | Reached XP level 1. HP: 19/19 MP: 1/1
   178 | D:1      | Reached skill level 4 in Long Blades
   189 | D:1      | Reached XP level 2. HP: 18/27 MP: 1/1
   236 | D:1      | Acquired Trog's second power
   826 | D:2      | Reached XP level 3. HP: 33/33 MP: 2/2
  1318 | D:3      | Reached skill level 5 in Long Blades
  1318 | D:3      | Reached XP level 4. HP: 38/41 MP: 2/2
  1323 | D:3      | Reached skill level 5 in Fighting
  1411 | D:3      | Found a glowing drain.
  1435 | Sewer    | Entered a sewer
  1460 | Sewer    | Reached XP level 5. HP: 34/48 MP: 2/2
  1890 | Sewer    | Acquired Trog's third power
  2111 | Sewer    | Reached skill level 6 in Long Blades
  2172 | Sewer    | Received a gift from Trog
  2200 | Sewer    | Noticed a big kobold
  2212 | Sewer    | Killed a big kobold
  2212 | Sewer    | Reached XP level 6. HP: 34/58 MP: 3/3
  3098 | D:4      | Reached skill level 7 in Long Blades
  3187 | D:4      | Noticed Prince Ribbit
  3224 | D:4      | Found an ancient bone altar of Kikubaaqudgha.
  3295 | D:4      | Noticed Ijyb
  3307 | D:4      | Slain by Ijyb

Action                   |  1- 3 |  4- 6 || total
-------------------------+-------+-------++-------
Melee: Falchion          |    70 |   223 ||   293
Throw: Javelin           |     2 |    11 ||    13
Invok: Berserk           |       |     2 ||     2
  Use: Scroll            |     7 |     7 ||    14
       Potion            |       |     1 ||     1
  Eat: Chunk             |     1 |     8 ||     9
